 Dungeon Crawl Stone Soup version 0.23.2-33-g5129a83 (webtiles) character file.

Game seed: 3779497471707823181

2359 Aphrodieselac the Infuser (level 9, -2/61 HPs)
             Began as a Merfolk Skald on Aug 8, 2019.
             Was a Priest of Okawaru.
             Slain by Menkaure (16 damage)
             ... on level 7 of the Dungeon.
             The game lasted 00:33:37 (7862 turns).

Aphrodieselac the Infuser (Merfolk Skald)           Turns: 7862, Time: 00:33:37

Health: -2/61      AC:  6    Str: 12    XL:     9   Next: 44%
Magic:  0/12       EV: 12    Int: 14    God:    Okawaru [***...]
Gold:   544        SH:  0    Dex: 14    Spells: 1/12 levels left

rFire    . . .     SeeInvis .   x - +0 trident
rCold    . . .     Gourm    .   (no shield)
rNeg     . . .     Faith    .   b - +0 leather armour
rPois    .         Spirit   .   (no helmet)
rElec    .         Reflect  .   l - +1 cloak
rCorr    .         Harm     .   (no gloves)
MR       .....                  e - +0 pair of boots
Stlth    +.........             (no amulet)
HPRegen  0.20/turn              (no ring)
MPRegen  0.13/turn              (no ring)

@: infused
A: change form in water, swift swim, stealthy swim
a: Heroism, Renounce Religion


You were on level 7 of the Dungeon.
You worshipped Okawaru.
Okawaru was most pleased with you.
You were not hungry.

You visited 2 branches of the dungeon, and saw 8 of its levels.

You collected 544 gold pieces.

Inventory:

Hand Weapons
 a - a +0 spear
 s - a +0 blowgun
 x - a +0 trident (weapon)
Missiles
 c - 9 javelins (quivered)
 y - 57 poisoned needles
 B - 6 needles of confusion
Armour
 b - a +0 leather armour (worn)
 e - a +0 pair of boots (worn)
 l - a +1 cloak (worn)
Jewellery
 p - an uncursed amulet of guardian spirit
Scrolls
 f - 2 scrolls of enchant armour
 h - 2 scrolls of teleportation
 k - a scroll of identify
 o - a scroll of enchant weapon {unknown}
 q - a scroll of random uselessness {unknown}
 r - a scroll of magic mapping
 u - 3 scrolls of remove curse
 v - a scroll of amnesia
 w - a scroll of noise {unknown}
 z - a scroll of fog {unknown}
 A - a scroll of blinking {unknown}
Potions
 g - 4 potions of haste
 i - 4 potions of curing {unknown}
 j - a potion of lignification
 m - 2 potions of agility
 n - a potion of heal wounds
 t - a potion of invisibility
Comestibles
 d - 9 rations
 C - 2 chunks of flesh


   Skills:
 - Level 2.1 Fighting
 + Level 10.5 Polearms
 - Level 0.6 Armour
 - Level 2.6 Dodging
 - Level 2.0 Spellcasting
 * Level 11.3 Charms


You had one spell level left.
You knew the following spells:

 Your Spells              Type           Power        Failure   Level  Hunger
a - Infusion              Chrm           ####         1%          1    ##.....
b - Song of Slaying       Chrm           ####....     1%          2    ###....
c - Shroud of Golubria    Chrm/Tloc      ###.......   4%          2    ###....
d - Spectral Weapon       Hex/Chrm       ###.....     9%          3    ####...
e - Regeneration          Chrm/Necr      ###.......   9%          3    ####...

Your spell library contained the following spells:

 Spells                   Type           Power        Failure   Level  Hunger
 Beastly Appendage        Tmut           #.....       30%         1    ##.....
 Magic Dart               Conj           #...         30%         1    ##.....
 Sandblast                Erth           #.....       30%         1    ##.....
 Blink                    Tloc           N/A          41%         2    ###....
 Call Imp                 Summ           #.......     41%         2    ###....
 Passwall                 Tmut/Erth      #.......     41%         2    ###....
 Slow                     Hex            #.......     41%         2    ###....
 Sticks to Snakes         Tmut           #.......     41%         2    ###....
 Conjure Flame            Conj/Fire      #.......     65%         3    ####...
 Mephitic Cloud           Conj/Pois/Air  #.......     65%         3    ####...
 Spider Form              Tmut/Pois      #.........   65%         3    ####...
 Stone Arrow              Conj/Erth      #.....       65%         3    ####...
 Ice Form                 Ice/Tmut       #.......     96%         4    #####..
 Petrify                  Tmut/Erth      #.......     96%         4    #####..
 Blade Hands              Tmut           #.........   100%        5    ######.
 Lee's Rapid Deconstruct  Erth           #.........   100%        5    ######.


Dungeon Overview and Level Annotations

Branches:
Dungeon (7/15)             Temple (1/1) D:4

Altars:
Cheibriados
Elyvilon
Fedhas
Nemelex Xobeh
Okawaru
Ru
Sif Muna
Trog
Uskayaw
Wu Jian
Xom
Yredelemnul
Zin
The Shining One

Annotations:
D:7 Menkaure


Message History

Menkaure is moderately damaged.
The shadow imp closely misses you. Menkaure closely misses you.
You hit Menkaure.
Menkaure is heavily damaged.
The shadow imp gestures at you. Pain shoots through your body!
Menkaure hits you!
Your shroud falls apart!
You hit Menkaure.
Menkaure is heavily damaged.
The shadow imp shouts, "Bolt, thou pribbling beef-witted hedge-pig!"
The shadow imp closely misses you.
You barely miss Menkaure.
Menkaure is heavily damaged.
Menkaure hits you!
* * * LOW HITPOINT WARNING * * *
There is an escape hatch in the ceiling here.
Menkaure breathes soot at you. Menkaure barely misses you.
The shadow imp barely misses you. Menkaure hits you!
You die...

....................
...>
..####..####.####..
.... ..# ##.##
#.####+## ##... ###
#..# #.......# ...
##.###.......####
#o# #..##..........#
#o# ##.##.###......+
#.# #.##.###......#
#o## #..#.#..@.....#
#... ##.#.#..M5....#
#### #.#.#...(.####
# #.(.#..%.....
#######
#...'..........
#......
##..#..........
#.(....
##.#..........
#......
#.#..........
#......
#######.#..........
#.(....


You could see Menkaure and a shadow imp.

Vanquished Creatures
  A hippogriff (D:6)
  Eustachio (D:5)
  Edmund (D:5)
  An ice beast (D:5)
  2 sky beasts (D:5)
  A black bear (D:6)
  3 ogres
  2 centaurs
  2 big kobolds
  4 bullfrogs
  A water moccasin skeleton (D:5)
  2 crimson imps
  A bullfrog zombie (D:5)
  A bullfrog skeleton (D:5)
  4 orc priests
  3 hounds
  3 orc wizards
  4 worker ants
  A hound zombie (D:7)
  A howler monkey skeleton (D:6)
  5 adders
  2 shadow imps
  An ooze (D:2)
  An adder skeleton (D:7)
  4 worms
  3 dart slugs
  4 leopard geckos
  9 orcs
  2 giant cockroaches (D:2)
  7 goblins
  6 hobgoblins
  4 jackals (D:3)
  26 kobolds
  A quokka (D:2)
  A ball python (D:3)
  7 bats
  2 frilled lizards
  A leopard gecko skeleton (D:5)
  11 rats
136 creatures vanquished.

Notes
Turn   | Place    | Note
-------+----------+-------------------------------------------
     0 | D:1      | Aphrodieselac the Merfolk Skald began the quest for the
                  | Orb.
     0 | D:1      | Reached XP level 1. HP: 16/16 MP: 3/3
   306 | D:1      | Reached XP level 2. HP: 11/22 MP: 5/5
   754 | D:1      | Reached skill level 4 in Charms
   980 | D:2      | Reached XP level 3. HP: 18/27 MP: 6/6
  1249 | D:2      | Found a shimmering altar of Xom.
  1249 | D:2      | Found a shimmering altar of Xom.
  1630 | D:2      | Reached XP level 4. HP: 33/33 MP: 2/7
  2031 | D:3      | Reached skill level 5 in Charms
  2063 | D:3      | Learned a level 2 spell: Song of Slaying
  2066 | D:3      | Learned a level 2 spell: Shroud of Golubria
  2350 | D:3      | Reached XP level 5. HP: 38/38 MP: 8/8
  2407 | D:3      | Reached skill level 5 in Polearms
  2756 | D:3      | Found a glowing silver altar of Zin.
  2886 | D:3      | Learned a level 3 spell: Spectral Weapon
  2904 | D:4      | Noticed a moth of wrath
  2907 | D:4      | Found a bloodstained altar of Trog.
  3445 | D:4      | Found a staircase to the Ecumenical Temple.
  3455 | D:4      | Reached skill level 6 in Charms
  3455 | D:4      | Reached XP level 6. HP: 20/44 MP: 5/9
  3468 | Temple   | Entered the Ecumenical Temple
  3483 | Temple   | Became a worshipper of Warmaster Okawaru
  3856 | D:5      | Entered Level 5 of the Dungeon
  3910 | D:5      | Noticed an ice beast
  4277 | D:5      | Reached skill level 7 in Charms
  4290 | D:5      | Noticed a sky beast
  4335 | D:5      | Killed a sky beast
  4335 | D:5      | Reached * piety under Okawaru
  4335 | D:5      | Reached XP level 7. HP: 5/50 MP: 6/10
  4727 | D:5      | Noticed Eustachio
  4789 | D:5      | Reached skill level 8 in Charms
  4819 | D:5      | Noticed Edmund
  5047 | D:5      | HP: 2/50 [sky beast (6)]
  5048 | D:5      | Reached ** piety under Okawaru
  5254 | D:5      | Reached XP level 8. HP: 26/56 MP: 11/11
  5676 | D:6      | Found a glowing golden altar of the Shining One.
  5693 | D:6      | Reached skill level 9 in Charms
  6109 | D:5      | Killed Eustachio
  6469 | D:5      | Killed Edmund
  6469 | D:5      | Reached skill level 10 in Charms
  6793 | D:7      | Reached *** piety under Okawaru
  6819 | D:7      | Reached XP level 9. HP: 58/61 MP: 0/12
  6846 | D:7      | Learned a level 3 spell: Regeneration
  7211 | D:7      | Reached skill level 10 in Polearms
  7265 | D:7      | Found Acleck's Magic Scroll Shop.
  7287 | D:7      | Reached skill level 11 in Charms
  7847 | D:7      | Noticed Menkaure
  7862 | D:7      | Slain by Menkaure

Skill      XL: |  1  2  3  4  5  6  7  8  9 |
---------------+----------------------------+-----
Charms         | 4 5 6 7 8 10 11 | 11.3
Polearms       | 4 5 6 7 9 10 | 10.5
Fighting       | |  2.1
Armour         | |  0.6
Dodging        | |  2.6
Spellcasting   | |  2.0

Action                   |  1- 3 |  4- 6 |  7- 9 || total
-------------------------+-------+-------+-------++-------
Melee: Spear             |   124 |   152 |       ||   276
       Trident           |       |    86 |   274 ||   360
 Fire: Blowgun           |       |       |     4 ||     4
Throw: Javelin           |       |       |     3 ||     3
 Cast: Infusion          |     5 |     7 |    17 ||    29
       Shroud of Golubri |       |     2 |    12 ||    14
       Song of Slaying   |       |     1 |     2 ||     3
       Spectral Weapon   |       |       |     1 ||     1
  Use: Scroll            |       |       |     9 ||     9
 Stab: Sleeping          |     1 |     2 |       ||     3
  Eat: Chunk             |     2 |     9 |    10 ||    21
       Ration            |       |       |     1 ||     1
Armor: Leather armour    |    44 |    55 |    78 ||   177
Dodge: Dodged            |    60 |   139 |   165 ||   364
